 Seeded DCSS version 0.29-a0-553-g81b289dbe5 (webtiles) character file.

Game seed: 5197682552777129174 (custom seed)

490 happo123 the Sneak (level 7, 0/40 HPs)
             Began as a Kobold Enchanter on June 6, 2022.
             Succumbed to Dowan's poison
             ... on level 4 of the Dungeon.
             The game lasted 00:12:57 (4121 turns).

happo123 the Sneak (Kobold Enchanter)               Turns: 4121, Time: 00:12:58

Health: 0/40       AC:  5    Str:  5    XL:     7   Next: 37%
Magic:  8/11       EV: 16    Int: 19    God:
Gold:   268        SH:  0    Dex: 21    Spells: 7/12 levels left

rFire   + . .      SeeInvis .   s - +1 dagger (venom)
rCold   + . .      Faith    .   g - orb {guile}
rNeg    . . .      Spirit   .   b - +0 robe
rPois   +          Reflect  .   u - +0 helmet
rElec   +          Harm     .   (no cloak)
rCorr   +          Rampage  .   m - +0 pair of gloves
Will    .....                   A - +0 pair of boots
Stlth   ++++......              h - amulet of magic regeneration
HPRegen 0.13/turn               l - ring of flight
MPRegen 0.52/turn               x - +6 ring of dexterity

@: lethally poisoned (0 -> -5), resistant, flying
A: small, no large weapons, nightstalker 3
a: no special abilities


You were on level 4 of the Dungeon.
You visited 1 branch of the dungeon, and saw 4 of its levels.

You collected 268 gold pieces.

Inventory:

Hand Weapons
 a - a +1 dagger
 s - a +1 dagger of venom (weapon)
Armour
 b - a +0 robe (worn)
 g - an orb of guile (worn)
 m - a +0 pair of gloves (worn)
 u - a +0 helmet (worn)
 A - a +0 pair of boots (worn)
Jewellery
 h - an amulet of magic regeneration (around neck)
 l - a ring of flight (left hand)
 x - a +6 ring of dexterity (right hand)
Scrolls
 d - 2 scrolls of teleportation {unknown}
 f - 7 scrolls of identify {unknown}
 j - 2 scrolls of enchant weapon {unknown}
 n - a scroll of blinking {unknown}
 p - a scroll of fear {unknown}
 q - a scroll of fog {unknown}
 r - 2 scrolls of enchant armour {unknown}
 v - a scroll of vulnerability {unknown}
 y - 2 scrolls of noise {unknown}
Potions
 c - 3 potions of invisibility
 e - a potion of flight {unknown}
 k - 2 potions of heal wounds {unknown}
 o - 2 potions of lignification {unknown}
 t - 3 potions of curing {unknown}
 w - a potion of might {unknown}
 z - a potion of haste {unknown}


   Skills:
 + Level 2.1 Fighting
 + Level 3.2 Short Blades
 + Level 3.7 Dodging
 + Level 5.2 Stealth
 + Level 3.2 Spellcasting
 * Level 4.7 Hexes
 * Level 2.9 Ice Magic


You had 7 spell levels left.
You knew the following spells:

 Your Spells              Type           Power      Damage    Failure   Level
a - Ensorcelled Hibernat  Hex/Ice        34%        N/A       4%          2
b - Confusing Touch       Hex            21%        N/A       6%          3

Your spell library contained the following spells:

 Spells                   Type           Power      Damage    Failure   Level
 Tukima's Dance           Hex            21%        N/A       6%          3
 Beastly Appendage        Tmut           6%         N/A       16%         1
 Dazzling Flash           Conj/Hex       24%        N/A       17%         3
 Wereblood                Tmut           3%         N/A       22%         2
 Spider Form              Tmut/Pois      3%         N/A       41%         3


Dungeon Overview and Level Annotations

Branches:
Dungeon (4/15)
 Temple: D:4-7

Altars:
Vehumet
Yredelemnul

Shops:
D:2 =

Annotations:
D:4 Duvessa


Innate Abilities, Weirdness & Mutations

You are small and have problems with some larger weapons.
You are completely attuned to the shadows.


Message History

Dowan shouts!
Dowan gestures at you while chanting. The puff of flame misses you.
Dowan gestures at something while chanting.
Duvessa, Sister of Dowan comes into view.
She is wielding a +0 short sword.
Found a scroll labelled QONOICOP ORAY.
Duvessa shouts!
Dowan misses you.
Aiming: Ensorcelled Hibernation (safe; 4% risk of failure)
Press: ? - help, Q - select action, (/) - cycle Shift-Dir - straight line, f - Dowan
Aim: Dowan, wielding a +3 dagger of venom and wearing a +0 robe (chance to affect: 67%) Dowan resists with some effort.
Aiming: Ensorcelled Hibernation (safe; 4% risk of failure)
Press: ? - help, Q - select action, (/) - cycle Shift-Dir - straight line, f - Duvessa, p - Dowan
Aim: Duvessa, wielding a +0 short sword and wearing a +0 scale mail (fast, chance to affect: 67%) Duvessa looks drowsy...
The helpless Duvessa fails to defend herself.
You impale Duvessa!!
Duvessa looks as sick as possible!
Duvessa is almost dead.
Duvessa hits you with a +0 short sword.
You hit Duvessa but do no damage.
Duvessa looks as sick as possible!
Duvessa is almost dead.
Duvessa misses you.
Dowan hits you with a +3 dagger of venom.
You are poisoned.
Duvessa hits you with a +0 short sword!
Aiming: Ensorcelled Hibernation (safe; 4% risk of failure)
Press: ? - help, Q - select action, (/) - cycle Shift-Dir - straight line, f - Dowan, p - Duvessa
Aim: Dowan, wielding a +3 dagger of venom and wearing a +0 robe (chance to affect: 67%) Dowan looks drowsy...
You feel sick. Duvessa hits you with a +0 short sword!
The helpless Dowan fails to defend himself.
You impale Dowan!!
You kill Dowan!
Duvessa screams in rage.
Duvessa goes berserk!
You feel sick. Duvessa hits you with a +0 short sword!
* * * LOW HITPOINT WARNING * * *
It was a potion of resistance.
You feel protected.
You die...

....#......................#
....#......................#
#####........#######
.......#######......
.......#............?
.......#..)).........
.......#...).........
.......###..###......
...#######..###.@e...
...#..........#..)...
...#..........#......
...#..........#......
...#†.........#......
...#...###..###
..##...####+###..#
..#..............#
..#...[..........#


You could see Duvessa (berserk, fast, extremely poisoned).

Vanquished Creatures
  The ghost of ptdevnull the Grave Robber, an amateur DENe (D:3)
  A necrophage (D:4)
  A scorpion (D:4)
  Dowan (D:4)
  A hound (D:4)
  A scorpion zombie (D:3)
  Robin (D:3)
  3 gnolls (D:4)
  5 adders
  3 worms
  2 dart slugs
  6 orcs
  2 ball pythons (D:4)
  6 endoplasms
  2 giant cockroaches
  9 goblins
  6 hobgoblins
  4 jackals (D:3)
  5 kobolds
  2 quokkas
  A ball python zombie (D:3)
  4 frilled lizards
  A quokka zombie (D:3)
  3 rats
71 creatures vanquished.

Notes
Turn   | Place    | Note
-------+----------+-------------------------------------------
     0 | D:1      | happo123 the Kobold Enchanter began the quest for the Orb.
     0 | D:1      | Reached XP level 1. HP: 10/10 MP: 3/3
   413 | D:1      | Reached XP level 2. HP: 3/15 MP: 5/5
   416 | D:1      | Learned a level 2 spell: Ensorcelled Hibernation
   984 | D:2      | Reached XP level 3. HP: 20/20 MP: 6/6
   988 | D:2      | Learned a level 3 spell: Confusing Touch
   996 | D:2      | Found Joajunuw's Jewellery Shoppe.
  1706 | D:3      | Reached skill level 1 in Ice Magic
  1828 | D:3      | Reached skill level 1 in Fighting
  1828 | D:3      | Reached XP level 4. HP: 25/25 MP: 7/7
  1830 | D:3      | Found a basalt altar of Yredelemnul.
  1893 | D:3      | Noticed Robin
  1900 | D:3      | Killed Robin
  1901 | D:3      | Reached XP level 5. HP: 16/29 MP: 4/8
  1931 | D:3      | HP: 1/29 [poisoned by a goblin]
  2357 | D:3      | Found a faded altar of an unknown god.
  2627 | D:3      | Found a radiant altar of Vehumet.
  3000 | D:3      | Found a runed translucent door.
  3007 | D:3      | Noticed ptdevnull's ghost (amateur DENe)
  3017 | D:3      | Killed ptdevnull's ghost
  3018 | D:3      | Reached XP level 6. HP: 4/34 MP: 10/10
  3819 | D:4      | Reached skill level 5 in Stealth
  3865 | D:4      | Reached XP level 7. HP: 40/40 MP: 11/11
  4111 | D:4      | Noticed Dowan
  4114 | D:4      | Noticed Duvessa
  4120 | D:4      | Killed Dowan
  4120 | D:4      | HP: 1/40 [Duvessa/+0 short sword (11)]
  4121 | D:4      | Succumbed to Dowan's poison

Illustrated notes

Levels and vault maps discovered:
D:1:      dpeg_arrival_oval, layout_basic, chequers_serial_rivers_micro_c
D:2:      layout_basic, serial_shops,
          nicolae_shop_temple_entry_statues_fountains
D:3:      layout_basic, nicolae_vehumet_radiance,
          nicolae_yredelemnul_corpse_copse, ebering_ghost_reflecting_pool,
          dreamdust_ecumenical_altar_angels_and_demons,
          minmay_stone_trees_medium, uniq_robin
D:4:      layout_gridville, uniq_duvessa, uniq_ijyb

Skill      XL: |  1  2  3  4  5  6 |
---------------+-------------------+-----
Ice Magic      | 1 2 |  2.9
Fighting       | 1 2 |  2.1
Short Blades   | 2 3 |  3.2
Dodging        | 3 |  3.7
Hexes          | 4 |  4.7
Spellcasting   | 3 |  3.2
Stealth        | 5 |  5.2

Action                   |  1- 3 |  4- 6 |  7- 9 || total
-------------------------+-------+-------+-------++-------
Melee: Dagger            |    63 |    55 |     8 ||   126
 Cast: Ensorcelled Hiber |    14 |    34 |     6 ||    54
       Confusing Touch   |     4 |     1 |       ||     5
  Use: Potion            |       |       |     1 ||     1
 Stab: Sleeping          |    15 |    37 |     6 ||    58
       Confused          |     3 |     1 |       ||     4
       Distracted        |     1 |       |       ||     1
Armor: Robe              |    11 |     7 |       ||    18
Dodge: Dodged            |    30 |    23 |     9 ||    62

Table legend: (Time is in decaauts)
 A = Elapsed time spent in this place.
 B = Non-inter-level travel time spent in this place.
 C = Inter-level travel time spent in this place.
 D = Time resting spent in this place.
 E = Time spent auto-exploring this place.
 F = Levels seen in this place.
 G = Mean time per level.
                   A        B        C        D        E       F      G
               +--------+--------+--------+--------+--------+-----+--------+
         Total |   4105 |   3884 |    221 |    122 |   3227 |   4 | 1026.2 |
       Dungeon |   4105 |   3884 |    221 |    122 |   3227 |   4 | 1026.2 |
               +--------+--------+--------+--------+--------+-----+--------+

Top non-repeatable levels by time:
     D:3: 1674 daAuts
     D:2: 957 daAuts
     D:1: 746 daAuts
     D:4: 727 daAuts
